 Dungeon Crawl Stone Soup version 0.28.0 (webtiles) character file.

Game seed: 3441175178945144704

561 chmiii the Poker (level 7, 0/51 HPs)
             Began as a Merfolk Gladiator on Feb 8, 2022.
             Was a Follower of Hepliaklqana.
             Slain by a killer bee (8 damage)
             ... on level 4 of the Dungeon.
             The game lasted 00:17:47 (3972 turns).

chmiii the Poker (Merfolk Gladiator)                Turns: 3972, Time: 00:17:47

Health: 0/51       AC:  9    Str: 16    XL:     7   Next: 31%
Magic:  7/7        EV: 12    Int:  7    God:    Hepliaklqana [*.....]
Gold:   100        SH:  0    Dex: 16    Spells: 6/6 levels left

rFire   . . .      SeeInvis .   a - +0 glaive
rCold   . . .      Faith    .   (shield currently unavailable)
rNeg    . . .      Spirit   .   w - +0 scale mail
rPois   .          Reflect  .   c - +0 helmet
rElec   .          Harm     .   m - +0 cloak
rCorr   .          Rampage  .   v - +0 pair of gloves
Will    .....                   (no boots)
Stlth   ..........              k - amulet of the acrobat
HPRegen 0.17/turn               (no ring)
MPRegen 0.10/turn               (no ring)

@: no status effects
A: reduced essence, (nimble swimmer 2), mertail
a: Renounce Religion, Recall Ancestor, Ancestor Identity


You were on level 4 of the Dungeon.
You worshipped Hepliaklqana.
Hepliaklqana was aware of your devotion.
You visited 1 branch of the dungeon, and saw 4 of its levels.

You collected 100 gold pieces.

Inventory:

Hand Weapons
 a - a +0 glaive (weapon)
 b - a +0 hunting sling
 t - a +0 trident of venom
Missiles
 d - 3 throwing nets (quivered)
 h - 134 stones
 u - 5 poisoned darts
Armour
 c - a +0 helmet (worn)
 m - a +0 cloak (worn)
 v - a +0 pair of gloves (worn)
 w - a +0 scale mail (worn)
Jewellery
 k - an amulet of the acrobat (around neck)
Wands
 l - a wand of mindburst (7)
Scrolls
 f - 3 scrolls of teleportation {unknown}
 g - a scroll of fog {unknown}
 j - 5 scrolls of magic mapping {unknown}
 n - 6 scrolls of identify {unknown}
 o - a scroll of noise {unknown}
Potions
 e - 2 potions of degeneration {unknown}
 i - 3 potions of flight {unknown}
 p - 2 potions of curing {unknown}
 q - a potion of might {unknown}
 r - a potion of lignification {unknown}
 s - a potion of brilliance {unknown}
 x - a potion of heal wounds {unknown}


   Skills:
 * Level 5.6 Fighting
 + Level 6.5 Polearms
 + Level 3.9 Throwing
 + Level 5.9 Dodging


You had 6 spell levels left.
You didn't know any spells.
Your spell library was empty.

Dungeon Overview and Level Annotations

Branches:
Dungeon (4/15)
 Temple: D:4-7

Altars:
Dithmenos
Fedhas
Gozag
Hepliaklqana
Uskayaw


Innate Abilities, Weirdness & Mutations

Your life essence is reduced to manifest your ancestor. (-10% HP)
((You are very nimble when in or above water. (Stealth+, EV+, Speed+++)))
Your lower body shifts to a powerful aquatic tail in water.


Message History

Reach: a) +0 glaive
Press: ? - help, Dir - move target, f - killer bee
Aim: a killer bee (about 71% to evade your +0 glaive)
You could not reach far enough!
The killer bee stings RickandBubba.
The killer bee stings RickandBubba!
RickandBubba closely misses the killer bee.
The killer bee stings RickandBubba!
Reach: a) +0 glaive
Press: ? - help, Dir - move target, f/p - killer bee
Aim: a killer bee (ally target, about 71% to evade your +0 glaive)
You reach to attack!
You hit the killer bee.
The killer bee is moderately wounded.
The killer bee misses RickandBubba.
RickandBubba closely misses the killer bee.
The killer bee stings RickandBubba.
Reach: a) +0 glaive
Press: ? - help, Dir - move target, f/p - killer bee
Aim: a killer bee (moderately wounded, ally target, about 71% to evade your +0 glaive)
You could not reach far enough!
The killer bee stings RickandBubba!
RickandBubba is destroyed!
The killer bee stings you.
Unknown command.
You barely miss the killer bee.
The killer bee is moderately wounded.
The killer bee stings you but does no damage.
The killer bee barely misses you. The killer bee stings you.
* * * LOW HITPOINT WARNING * * *
You hit the killer bee.
The killer bee is moderately wounded.
The killer bee barely misses you. The killer bee closely misses you. x2
You barely miss the killer bee.
The killer bee is moderately wounded.
The killer bee stings you.
* * * LOW HITPOINT WARNING * * *
The killer bee closely misses you. The killer bee stings you.
* * * LOW HITPOINT WARNING * * *
You hit the killer bee but do no damage.
The killer bee is moderately wounded.
The killer bee stings you!
You die...

............#.#######..
............#[# #.#
......####....# #.#
#.###.......### #####..
..###.......# #...... .
...........# #.#####
......##.......#####.#
..... ##......##....#
...... #@†.#####.####
......###y### #.#
......'...### #.# .
......##....# #.# ..
####........#####.######..
................[.........
..................†.......
....................#.###.
..........................


You could see a killer bee.

Vanquished Creatures
  A centaur (D:3)
  A phantom (D:4)
  A scorpion (D:4)
  2 killer bees (D:4)
  A bullfrog zombie (D:3)
  An orc priest (D:4)
  An iguana (D:4)
  A hound skeleton (D:4)
  Robin (D:3)
  A howler monkey skeleton (D:4)
  4 adders
  A worm (D:3)
  7 orcs
  7 ball pythons
  10 endoplasms
  6 giant cockroaches
  11 goblins
  8 hobgoblins
  3 jackals (D:3)
  5 kobolds
  2 quokkas
  2 bats
  A frilled lizard (D:1)
  A jackal skeleton (D:4)
  6 rats
85 creatures vanquished.

Vanquished Creatures (others)
  An ancestor (D:4)
1 creature vanquished.

Grand Total: 86 creatures vanquished

Notes
Turn   | Place    | Note
-------+----------+-------------------------------------------
     0 | D:1      | chmiii the Merfolk Gladiator began the quest for the Orb.
     0 | D:1      | Reached XP level 1. HP: 16/16 MP: 1/1
   124 | D:1      | Found a faded altar of an unknown god.
   152 | D:1      | Reached XP level 2. HP: 23/23 MP: 2/2
   805 | D:1      | Reached XP level 3. HP: 18/28 MP: 3/3
  1876 | D:3      | Reached skill level 5 in Polearms
  1876 | D:3      | Reached XP level 4. HP: 30/35 MP: 4/4
  2023 | D:3      | Noticed a centaur
  2041 | D:3      | Killed a centaur
  2042 | D:3      | Reached skill level 5 in Dodging
  2042 | D:3      | Reached XP level 5. HP: 4/42 MP: 5/5
  2830 | D:3      | Noticed Robin
  2842 | D:3      | Killed Robin
  3171 | D:4      | Found a hazy altar of Hepliaklqana.
  3176 | D:4      | Found a blossoming altar of Fedhas.
  3178 | D:4      | Became a worshipper of Hepliaklqana the Forgotten
  3181 | D:4      | Found a hide-covered altar of Uskayaw.
  3184 | D:4      | Found a shadowy altar of Dithmenos.
  3187 | D:4      | Found an opulent altar of Gozag.
  3235 | D:4      | Reached XP level 6. HP: 49/49 MP: 6/6
  3302 | D:4      | Reached skill level 6 in Polearms
  3306 | D:4      | Reached skill level 5 in Fighting
  3595 | D:4      | Reached XP level 7. HP: 38/56 MP: 7/7
  3811 | D:4      | Reached * piety under Hepliaklqana
  3972 | D:4      | Slain by a killer bee

Illustrated notes

Levels and vault maps discovered:
D:1:      saegor_arrival_fortress, layout_basic,
          chequers_ecumenical_altar_island
D:2:      layout_loops_ring
D:3:      layout_loops_ring, uniq_robin
D:4:      layout_basic, minitemple, minmay_surrounded

Skill      XL: |  1  2  3  4  5  6 |
---------------+-------------------+-----
Fighting       | 3 4 5 |  5.6
Polearms       | 5 6 |  6.5
Throwing       | 3 |  3.9
Dodging        | 5 |  5.9

Action                   |  1- 3 |  4- 6 |  7- 9 || total
-------------------------+-------+-------+-------++-------
Melee: Trident           |    80 |       |       ||    80
       Glaive            |    33 |   113 |    25 ||   171
Invok: Ancestor Identity |       |       |     1 ||     1
 Stab: Sleeping          |     5 |     1 |       ||     6
Armor: Leather armour    |    18 |    29 |       ||    47
       Ring mail         |       |     5 |     1 ||     6
       Scale mail        |       |       |    14 ||    14
Dodge: Dodged            |    56 |    89 |    27 ||   172
